 Dungeon Crawl Stone Soup version 0.27.1-4-g1640c2035a (webtiles) character file.

Game seed: 16018937783901527162

135 snilloc10 the Gusty (level 4, -3/33 HPs)
             Began as a Draconian Air Elementalist on Sept 29, 2021.
             Killed from afar by an orc wizard (4 damage)
             ... with a magic dart
             ... on level 3 of the Dungeon on Nov 5, 2021.
             The game lasted 00:13:18 (3296 turns).

snilloc10 the Gusty (Draconian Air Elementalist)    Turns: 3296, Time: 00:13:22

Health: -3/33      AC:  5    Str: 10    XL:     4   Next: 96%
Magic:  8/8        EV: 12    Int: 17    God:
Gold:   113        SH:  0    Dex: 11    Spells: 6/9 levels left

rFire    . . .     SeeInvis .   o - +1 dagger (venom)
rCold    . . .     Faith    .   (no shield)
rNeg     . . .     Spirit   .   (armour unavailable)
rPois    .         Reflect  .   (helmet restricted)
rElec    .         Harm     .   (no cloak)
rCorr    .         Rampage  .   (no gloves)
Will     .....                  (no boots)
Stlth    ++........             (no amulet)
HPRegen  0.11/turn              (no ring)
MPRegen  0.11/turn              (no ring)

@: attractive
A: AC +5, unfitting armour, cold-blooded
a: no special abilities


You were on level 3 of the Dungeon.
You visited 1 branch of the dungeon, and saw 3 of its levels.

You collected 113 gold pieces.

Inventory:

Hand Weapons
 a - a +0 short sword
 l - a +0 spear
 o - a +1 dagger of venom (weapon)
Magical Staves
 p - a staff of fire
Scrolls
 b - 2 scrolls of blinking {unknown}
 d - a scroll of silence {unknown}
 e - a scroll of teleportation {unknown}
 f - 4 scrolls of identify {unknown}
 h - 3 scrolls of vulnerability {unknown}
 k - a scroll of summoning {unknown}
 m - a scroll of immolation {unknown}
 q - a scroll of enchant weapon {unknown}
Potions
 c - a potion of resistance {unknown}
 g - 2 potions of haste {unknown}
 j - a potion of degeneration {unknown}
 n - 2 potions of mutation {unknown}
 r - a potion of magic {unknown}


   Skills:
 + Level 1.3 Short Blades
 - Level 2.2 Dodging
 + Level 2.3 Stealth
 - Level 0.1 Unarmed Combat
 * Level 3.0 Spellcasting
 - Level 1.2 Conjurations
 * Level 4.1 Air Magic


You had 6 spell levels left.
You knew the following spells:

 Your Spells              Type           Power      Damage    Failure   Level
a - Shock                 Conj/Air       44%        1d5       6%          1
b - Static Discharge      Conj/Air       11%        N/A       9%          2

Your spell library contained the following spells:

 Spells                   Type           Power      Damage    Failure   Level
 Swiftness                Air            16%        N/A       10%         3
 Animate Skeleton         Necr           4%         N/A       17%         1
 Apportation              Tloc           4%         N/A       17%         1
 Corona                   Hex            2%         N/A       17%         1
 Summon Small Mammal      Summ           8%         N/A       17%         1
 Airstrike                Air            8%         N/A       32%         4


Dungeon Overview and Level Annotations

Branches:
Dungeon (3/15)

Altars:
Zin

Annotations:
D:3 1 runed translucent door, Crazy Yiuf


Innate Abilities, Weirdness & Mutations

Your plain brown scales are hard. (AC +5)
You cannot fit into any form of body armour.
You are cold-blooded and may be slowed by cold attacks.


Message History

You closely miss the orc priest. You closely miss the orc priest.
The orc hits you but does no damage.
You closely miss the orc wizard.
The orc wizard hits you with a +0 dagger.
The orc priest invokes the aid of Beogh against you.
Pain shoots through your body! The orc hits you but does no damage.
You are too injured to fight recklessly!
You are too injured to fight recklessly!
You are too injured to fight recklessly!
You are too injured to fight recklessly!
You are too injured to fight recklessly!
You are too injured to fight recklessly!
You are too injured to fight recklessly!
You are too injured to fight recklessly!
You hit the hobgoblin.
The hobgoblin is poisoned.
The hobgoblin is heavily wounded.
The orc wizard hits you with a +0 dagger.
* * * LOW HITPOINT WARNING * * *
The orc priest hits you with a +0 dagger.
* * * LOW HITPOINT WARNING * * *
The hobgoblin hits you but does no damage.
The orc hits you with a +0 dagger.
* * * LOW HITPOINT WARNING * * *
It was a potion of attraction.
You feel attractive to monsters.
The orc wizard hits you with a +0 dagger.
* * * LOW HITPOINT WARNING * * *
The orc priest casts a cantrip, but nothing happens.
The orc priest hits you but does no damage.
The hobgoblin hits you but does no damage.
The orc hits you with a +0 dagger.
* * * LOW HITPOINT WARNING * * *
The kobold is pulled toward you! The worm is pulled toward you!
You hit the hobgoblin.
The hobgoblin looks as sick as possible!
The hobgoblin is severely wounded.
You kill the hobgoblin!
The orc wizard gestures at you while chanting.
The magic dart hits you.
You die...

#.).).......##
###.......####..
#....#### ..#
#.#### #..# .
#...### ...# ..
#.....## ...#...
#......###o..w...
#.###..##oowK#
#.# #...#@oo.#
#..##...#.†..###
#................
#################
# # # #


You could see a worm, 2 orc priests, an orc wizard, a dart slug, 2 orcs and a
kobold.

Vanquished Creatures
  Jessica (D:3)
  4 adders
  An adder zombie (D:1)
  2 worms
  A dart slug (D:1)
  4 bats
  3 endoplasms
  5 giant cockroaches
  8 hobgoblins
  3 jackals (D:1)
  6 kobolds
  A quokka (D:3)
  8 ball pythons
  2 frilled lizards
  A giant cockroach zombie (D:1)
  6 goblins
  3 rats
59 creatures vanquished.

Notes
Turn   | Place    | Note
-------+----------+-------------------------------------------
     0 | D:1      | snilloc10 the Draconian Air Elementalist began the quest
                  | for the Orb.
     0 | D:1      | Reached XP level 1. HP: 14/14 MP: 3/3
   225 | D:1      | Reached XP level 2. HP: 8/20 MP: 0/5
   470 | D:1      | Learned a level 2 spell: Static Discharge
  1473 | D:2      | Found a faded altar of an unknown god.
  1491 | D:2      | Reached XP level 3. HP: 15/26 MP: 6/6
  1719 | D:2      | Found a glowing silver altar of Zin.
  2060 | D:2      | Upgraded the game from 0.27.1-2-g3b301248ec to
                  | 0.27.1-4-g1640c2035a
  2247 | D:3      | Reached XP level 4. HP: 9/33 MP: 1/7
  2561 | D:3      | Noticed Jessica
  2591 | D:3      | Killed Jessica
  2592 | D:3      | Reached skill level 1 in Short Blades
  2864 | D:3      | Reached skill level 4 in Air Magic
  3029 | D:3      | Found a runed translucent door.
  3030 | D:3      | Noticed Crazy Yiuf
  3295 | D:3      | HP: 1/33 [orc (2)]
  3296 | D:3      | Killed from afar by an orc wizard

Illustrated notes

Levels and vault maps discovered:
D:1:      saegor_arrival_fortress, layout_basic
D:2:      layout_rooms, basic_altar, basic_ecumenical_altar,
          wad_floor_pattern_untrapped, amcnicky_mini_pool_small
D:3:      minmay_recursive_quarters, layout_basic, minmay_misc_feat_plants,
          kennysheep_generic_room_3, uniq_crazy_yiuf_cottage, uniq_jessica

Skill      XL: |  1  2  3  4 |
---------------+-------------+-----
Stealth        | 2 |  2.3
Dodging        | 2 |  2.2
Short Blades   | 1 |  1.3
Air Magic      | 4 |  4.1
Spellcasting   | 3 |  3.0
Unarmed Combat | |  0.1
Conjurations   | |  1.2

Action                   |  1- 3 |  4- 6 || total
-------------------------+-------+-------++-------
Melee: Unarmed           |    14 |       ||    14
       Short sword       |   130 |       ||   130
       Tailslap          |    13 |     4 ||    17
       Dagger            |       |    47 ||    47
       Spear             |       |    17 ||    17
 Cast: Shock             |    23 |    12 ||    35
  Use: Potion            |       |     1 ||     1
 Stab: Sleeping          |     4 |     2 ||     6
Armor: Skin              |    45 |    23 ||    68
Dodge: Dodged            |    96 |    43 ||   139
